| TOP OF THE 1ST |
|
Everett AquaSox batting - Pitching for Minnesota (NYP) Twins : RHP Glen Dutton
|
|
Pitching: RHP Glen Dutton
|
|
|
Batting: RHB Carlton McDonald
|
0-0: Called Strike 0-1: Ball 1-1: Foul Ball, location: 2F 1-2: Fly out, F7 (Flyball, 7, EV 85.6 MPH)
|
|
Batting: RHB John Vasquez
|
0-0: Ground out 5-3 (Groundball, 56, EV 86.9 MPH)
|
|
Batting: RHB Eddie Luna
|
0-0: Called Strike 0-1: Ball 1-1: Ball 2-1: Foul Ball, location: 2F 2-2: Strikes out swinging
|
| Top of the 1st over - 0 runs, 0 hits, 0 errors, 0 left on base; Everett 0 - Minnesota (NYP) 0 |
| BOTTOM OF THE 1ST |
|
Minnesota (NYP) Twins batting - Pitching for Everett AquaSox : RHP Fernando Aguirre
|
|
Pitching: RHP Fernando Aguirre
|
|
|
Batting: RHB Caleb Bockmann
|
0-0: Called Strike 0-1: Ball 1-1: Ball 2-1: Foul Ball, location: 2F 2-2: SINGLE (Line Drive, 7S, EV 103.8 MPH)
|
|
Batting: RHB Fhil Mikrakin
|
0-0: Ball Caleb Bockmann steals 2nd base 1-0: Ball 2-0: Ball 3-0: Base on Balls
|
|
Batting: LHB Hector Olvera
|
0-0: Called Strike 0-1: Called Strike 0-2: Foul Ball, location: 2F 0-2: DOUBLE (Line Drive, 8RXD, EV 102.5 MPH) Caleb Bockmann scores Fhil Mikrakin to third
|
|
Batting: RHB Nate Matson
|
0-0: Ball 1-0: Called Strike 1-1: Swinging Strike 1-2: Strikes out swinging
|
|
Batting: LHB Marvin Shepherd
|
0-0: Ball 1-0: Ball 2-0: Ball 3-0: Base on Balls
|
|
Batting: RHB Chris Bejarano
|
0-0: Called Strike 0-1: Ball 1-1: Ball 2-1: Foul Ball, location: 2F 2-2: SINGLE (Groundball, 34D, EV 94.4 MPH) Fhil Mikrakin scores Hector Olvera to third Marvin Shepherd to second Runner from 3rd tries for Home, SAFE, throw by RF to home
|
|
Batting: LHB Ben Roth
|
0-0: Ball 1-0: Ball 2-0: Called Strike 2-1: Fly out, F9 (Flyball, 9, EV 83.1 MPH) Runner from 2nd tags up, SAFE at 3rd with throw by RF
|
|
Batting: RHB Fernando Bravo
|
0-0: Ball 1-0: Ball 2-0: Ball 3-0: Base on Balls Chris Bejarano to second
|
|
Batting: LHB Jose Hilario
|
0-0: Ball 1-0: Called Strike 1-1: Fielders Choice at 2nd, 6-4 (Groundball, 56, EV 78.1 MPH)
|
| Bottom of the 1st over - 3 runs, 3 hits, 0 errors, 3 left on base; Everett 0 - Minnesota (NYP) 3 |
| TOP OF THE 2ND |
|
Everett AquaSox batting - Pitching for Minnesota (NYP) Twins : RHP Glen Dutton
|
|
Batting: LHB Prince Nunley
|
0-0: Ball 1-0: Ball 2-0: Swinging Strike 2-1: Ball 3-1: Called Strike 3-2: DOUBLE (Line Drive, 78D, EV 110.0 MPH)
|
|
Batting: SHB Frank Amato
|
0-0: Called Strike 0-1: Ball 1-1: Called Strike 1-2: Ground out 4-3 (Groundball, 4, EV 83.1 MPH) Prince Nunley to third
|
|
Batting: LHB Chang Huie
|
0-0: Ground out 4-3 (Groundball, 4, EV 97.5 MPH) Prince Nunley scores
|
|
Batting: RHB Ross Hallock
|
0-0: Foul Ball, location: 2F 0-1: Fly out, F7 (Line Drive, 78M, EV 89.4 MPH)
|
| Top of the 2nd over - 1 run, 1 hit, 0 errors, 0 left on base; Everett 1 - Minnesota (NYP) 3 |
| BOTTOM OF THE 2ND |
|
Minnesota (NYP) Twins batting - Pitching for Everett AquaSox : RHP Fernando Aguirre
|
|
Batting: RHB Caleb Bockmann
|
0-0: Ball 1-0: Foul Ball, location: 2F 1-1: Called Strike 1-2: Ball 2-2: Foul Ball, location: 2F 2-2: Foul Ball, location: 2F 2-2: Ball 3-2: Foul Ball, location: 2F 3-2: DOUBLE (Groundball, 5L, EV 107.5 MPH)
|
|
Batting: RHB Fhil Mikrakin
|
0-0: Ball Wild Pitch! Caleb Bockmann to third 1-0: Ball 2-0: Ball 3-0: Foul Ball, location: 2F 3-1: Base on Balls
|
|
Batting: LHB Hector Olvera
|
0-0: Ball Fhil Mikrakin steals 2nd base 1-0: Foul Ball, location: 2F 1-1: Foul Ball, location: 2F 1-2: Ball 2-2: Ball 3-2: Ground out 5-3 (Groundball, 56, EV 105.6 MPH) Caleb Bockmann scores
|
|
Batting: RHB Nate Matson
|
0-0: Ball 1-0: Swinging Strike 1-1: Ball 2-1: Ground out 4-3 (Groundball, 4S, EV 80.6 MPH) Fhil Mikrakin to third
|
|
Batting: LHB Marvin Shepherd
|
0-0: Foul Ball, location: 2F 0-1: Ball 1-1: Ball 2-1: Foul Ball, location: 2F 2-2: Foul Ball, location: 2F 2-2: Fly out, F8 (Flyball, 8LM, EV 89.4 MPH)
|
| Bottom of the 2nd over - 1 run, 1 hit, 0 errors, 1 left on base; Everett 1 - Minnesota (NYP) 4 |
| TOP OF THE 3RD |
|
Everett AquaSox batting - Pitching for Minnesota (NYP) Twins : RHP Glen Dutton
|
|
Batting: RHB David Greene
|
0-0: Ball 1-0: Foul Ball, location: 2F 1-1: Called Strike 1-2: Foul Ball, location: 2F 1-2: Ball 2-2: Ball 3-2: Base on Balls
|
|
Batting: LHB Ryan Daniels
|
0-0: Fielders Choice at 2nd, 1-6 (Groundball, 13S, EV 70.6 MPH)
|
|
Batting: RHB Carlton McDonald
|
0-0: Ball 1-0: Ball 2-0: Called Strike 2-1: Swinging Strike 2-2: Ball 3-2: Foul Ball, location: 2F 3-2: Strikes out swinging Ryan Daniels is caught stealing 2nd base 2-4 Batter strikes out.
|
| Top of the 3rd over - 0 runs, 0 hits, 0 errors, 0 left on base; Everett 1 - Minnesota (NYP) 4 |
| BOTTOM OF THE 3RD |
|
Minnesota (NYP) Twins batting - Pitching for Everett AquaSox : RHP Fernando Aguirre
|
|
Batting: RHB Chris Bejarano
|
0-0: Foul Ball, location: 2F 0-1: Ground out 6-3 (Groundball, 6, EV 79.4 MPH)
|
|
Batting: LHB Ben Roth
|
0-0: Ground out 4-3 (Groundball, 4, EV 110.0 MPH)
|
|
Batting: RHB Fernando Bravo
|
0-0: Ball 1-0: Ball 2-0: Called Strike 2-1: Ball 3-1: Foul Ball, location: 2F 3-2: Foul Ball, location: 2F 3-2: Base on Balls
|
|
Batting: LHB Jose Hilario
|
0-0: SINGLE (Flyball, 78S, EV 86.2 MPH) Fernando Bravo to second
|
|
Pitching: RHP Domingo Maldonado
|
|
|
Batting: RHB Caleb Bockmann
|
0-0: Ball 1-0: Called Strike 1-1: Fly out, F8 (Flyball, 8RM, EV 90.0 MPH)
|
| Bottom of the 3rd over - 0 runs, 1 hit, 0 errors, 2 left on base; Everett 1 - Minnesota (NYP) 4 |
| TOP OF THE 4TH |
|
Everett AquaSox batting - Pitching for Minnesota (NYP) Twins : RHP Glen Dutton
|
|
Batting: RHB John Vasquez
|
0-0: Foul Ball, location: 2F 0-1: Called Strike 0-2: SINGLE (Groundball, 25, EV 62.5 MPH) (infield hit)
|
|
Batting: RHB Eddie Luna
|
0-0: Called Strike 0-1: Called Strike 0-2: Grounds into double play, 5-4-3 (Groundball, 56, EV 101.2 MPH)
|
|
Batting: LHB Prince Nunley
|
0-0: Ball 1-0: Foul Ball, location: 2F 1-1: Foul Ball, location: 2F 1-2: Ball 2-2: Foul Ball, location: 2F 2-2: Ground out U3 (Groundball, 3, EV 102.5 MPH)
|
| Top of the 4th over - 0 runs, 1 hit, 0 errors, 0 left on base; Everett 1 - Minnesota (NYP) 4 |
| BOTTOM OF THE 4TH |
|
Minnesota (NYP) Twins batting - Pitching for Everett AquaSox : RHP Domingo Maldonado
|
|
Batting: RHB Fhil Mikrakin
|
0-0: Called Strike 0-1: Fly out, F8 (Flyball, 8RD, EV 103.1 MPH)
|
|
Batting: LHB Hector Olvera
|
0-0: Called Strike 0-1: Ball 1-1: Ball 2-1: Swinging Strike 2-2: Ball 3-2: Ground out 4-3 (Groundball, 4, EV 79.4 MPH)
|
|
Batting: RHB Nate Matson
|
0-0: Ball 1-0: Fly out, F8 (Line Drive, 8RM, EV 106.9 MPH)
|
| Bottom of the 4th over - 0 runs, 0 hits, 0 errors, 0 left on base; Everett 1 - Minnesota (NYP) 4 |
| TOP OF THE 5TH |
|
Everett AquaSox batting - Pitching for Minnesota (NYP) Twins : RHP Glen Dutton
|
|
Batting: SHB Frank Amato
|
0-0: Ball 1-0: Fly out, F8 (Flyball, 8RD, EV 100.0 MPH)
|
|
Batting: LHB Chang Huie
|
0-0: Ball 1-0: Ball 2-0: Ball 3-0: Base on Balls
|
|
Batting: RHB Ross Hallock
|
0-0: Called Strike 0-1: Called Strike 0-2: Strikes out swinging
|
|
Batting: RHB David Greene
|
0-0: Called Strike 0-1: Ball 1-1: Called Strike 1-2: Foul Ball, location: 2F 1-2: Fly out, F9 (Flyball, 89S, EV 88.8 MPH)
|
| Top of the 5th over - 0 runs, 0 hits, 0 errors, 1 left on base; Everett 1 - Minnesota (NYP) 4 |
| BOTTOM OF THE 5TH |
|
Minnesota (NYP) Twins batting - Pitching for Everett AquaSox : RHP Domingo Maldonado
|
|
Batting: LHB Marvin Shepherd
|
0-0: Ball 1-0: Ground out 1-3 (Groundball, 34S, EV 70.0 MPH)
|
|
Batting: RHB Chris Bejarano
|
0-0: Swinging Strike 0-1: Ball 1-1: Ball 2-1: Fly out, F3 (Popup, 3SF, EV 72.5 MPH)
|
|
Batting: LHB Ben Roth
|
0-0: Foul Ball, location: 2F 0-1: Ball 1-1: Ball 2-1: Ground out 4-3 (Groundball, 4, EV 99.4 MPH)
|
| Bottom of the 5th over - 0 runs, 0 hits, 0 errors, 0 left on base; Everett 1 - Minnesota (NYP) 4 |
| TOP OF THE 6TH |
|
Everett AquaSox batting - Pitching for Minnesota (NYP) Twins : RHP Glen Dutton
|
|
Batting: LHB Ryan Daniels
|
0-0: Called Strike 0-1: Swinging Strike 0-2: Strikes out swinging, 2-3 out at first.
|
|
Batting: RHB Carlton McDonald
|
0-0: Foul Ball, location: 2F 0-1: Foul Ball, location: 2F 0-2: Ground out 4-3 (Groundball, 4, EV 98.1 MPH)
|
|
Batting: RHB John Vasquez
|
0-0: Called Strike 0-1: Called Strike 0-2: Ball 1-2: Strikes out swinging, 2-3 out at first.
|
| Top of the 6th over - 0 runs, 0 hits, 0 errors, 0 left on base; Everett 1 - Minnesota (NYP) 4 |
| BOTTOM OF THE 6TH |
|
Minnesota (NYP) Twins batting - Pitching for Everett AquaSox : RHP Domingo Maldonado
|
|
Batting: RHB Fernando Bravo
|
0-0: Ball 1-0: Ball 2-0: Foul Ball, location: 2F 2-1: Called Strike 2-2: Ball 3-2: Hit by Pitch
|
|
Pitching: RHP Bryce Blanksby
|
|
|
Batting: LHB Jose Hilario
|
0-0: Ball 1-0: Foul Ball, location: 2F 1-1: Ball 2-1: Foul Ball, location: 2F 2-2: Ball 3-2: Base on Balls Fernando Bravo to second
|
|
Batting: RHB Caleb Bockmann
|
0-0: SINGLE (Groundball, 6MS, EV 68.8 MPH) (infield hit) Fernando Bravo to third Jose Hilario to second
|
|
Batting: RHB Fhil Mikrakin
|
0-0: Fly out, F4 (Popup, 4, EV 68.8 MPH)
|
|
Batting: LHB Hector Olvera
|
0-0: Grounds into fielders choice 4-2 (Groundball, 4, EV 85.0 MPH) Jose Hilario to third Caleb Bockmann to second
|
|
Batting: RHB Nate Matson
|
0-0: Ball 1-0: Ball 2-0: Swinging Strike 2-1: Swinging Strike 2-2: Strikes out looking
|
| Bottom of the 6th over - 0 runs, 1 hit, 0 errors, 3 left on base; Everett 1 - Minnesota (NYP) 4 |
| TOP OF THE 7TH |
|
Everett AquaSox batting - Pitching for Minnesota (NYP) Twins : RHP Glen Dutton
|
|
Pitching: RHP Takeshi Kusanagi
|
|
|
Pinch Hitting: LHB Israel Montoya
|
0-0: Ball 1-0: Called Strike 1-1: Ground out U3 (Groundball, 3, EV 83.8 MPH)
|
|
Batting: LHB Prince Nunley
|
0-0: Foul Ball, location: 2F 0-1: SINGLE (Groundball, 3D, EV 110.0 MPH)
|
|
Batting: SHB Frank Amato
|
0-0: Ball 1-0: Ball 2-0: Called Strike 2-1: Ball 3-1: Base on Balls Prince Nunley to second
|
|
Batting: LHB Chang Huie
|
0-0: Fly out, F7 (Flyball, 78M, EV 90.0 MPH)
|
|
Pinch Hitting: LHB Sean Trueblood
|
0-0: Ball 1-0: Swinging Strike 1-1: Called Strike 1-2: Ball 2-2: Ball 3-2: Strikes out looking
|
| Top of the 7th over - 0 runs, 1 hit, 0 errors, 2 left on base; Everett 1 - Minnesota (NYP) 4 |
| BOTTOM OF THE 7TH |
|
Minnesota (NYP) Twins batting - Pitching for Everett AquaSox : RHP Bryce Blanksby
|
|
Now at 1B: Sean Trueblood
|
|
|
Now at 2B: Danny Pujols
|
|
|
Batting: LHB Marvin Shepherd
|
0-0: Ball 1-0: Ball 2-0: Foul Ball, location: 2F 2-1: Foul Ball, location: 2F 2-2: Foul Ball, location: 2F 2-2: Ball 3-2: Foul Ball, location: 2F 3-2: Foul Ball, location: 2F 3-2: Fly out, F9 (Flyball, 89M, EV 85.0 MPH)
|
|
Pitching: RHP Daniel Villalobos
|
|
|
Batting: RHB Chris Bejarano
|
0-0: Called Strike 0-1: Foul Ball, location: 2F 0-2: Ball 1-2: Foul Ball, location: 2F 1-2: Strikes out swinging
|
|
Batting: LHB Ben Roth
|
0-0: Ball 1-0: Foul Ball, location: 2F 1-1: Ball 2-1: DOUBLE (Line Drive, 7LS, EV 87.5 MPH)
|
|
Batting: RHB Fernando Bravo
|
0-0: Foul Ball, location: 2F 0-1: Ball 1-1: Foul Ball, location: 2F 1-2: Strikes out looking
|
| Bottom of the 7th over - 0 runs, 1 hit, 0 errors, 1 left on base; Everett 1 - Minnesota (NYP) 4 |
| TOP OF THE 8TH |
|
Everett AquaSox batting - Pitching for Minnesota (NYP) Twins : RHP Takeshi Kusanagi
|
|
Pinch Hitting: LHB Nick McGraw
|
0-0: Ball 1-0: Ball 2-0: Ball 3-0: Called Strike 3-1: Foul Ball, location: 2F 3-2: Ground out U3 (Groundball, 3, EV 82.5 MPH)
|
|
Batting: LHB Ryan Daniels
|
0-0: Called Strike 0-1: Hit by Pitch
|
|
Batting: RHB Carlton McDonald
|
0-0: Ball 1-0: Ball 2-0: Called Strike 2-1: Ball 3-1: Base on Balls Ryan Daniels to second
|
|
Batting: RHB John Vasquez
|
0-0: Ball 1-0: Fielders Choice at 2nd, 6-4 (Groundball, 56, EV 86.9 MPH) Ryan Daniels to third
|
|
Pinch Hitting: SHB Isaiah Cherry
|
0-0: Foul Ball, location: 2F 0-1: Called Strike 0-2: Strikes out swinging
|
| Top of the 8th over - 0 runs, 0 hits, 0 errors, 2 left on base; Everett 1 - Minnesota (NYP) 4 |
| BOTTOM OF THE 8TH |
|
Minnesota (NYP) Twins batting - Pitching for Everett AquaSox : RHP Daniel Villalobos
|
|
Now at 2B: Isaiah Cherry
|
|
|
Now at SS: Lamberto Amicis
|
|
|
Batting: LHB Jose Hilario
|
0-0: Ball 1-0: Called Strike 1-1: Ball 2-1: Fly out, F8 (Flyball, 8LS, EV 80.6 MPH)
|
|
Batting: RHB Caleb Bockmann
|
0-0: Ball 1-0: Ball 2-0: Ball 3-0: Called Strike 3-1: Fly out, F8 (Flyball, 8LM, EV 96.2 MPH)
|
|
Batting: RHB Fhil Mikrakin
|
0-0: Called Strike 0-1: Ground out 4-3 (Groundball, 34, EV 103.1 MPH)
|
| Bottom of the 8th over - 0 runs, 0 hits, 0 errors, 0 left on base; Everett 1 - Minnesota (NYP) 4 |
| TOP OF THE 9TH |
|
Everett AquaSox batting - Pitching for Minnesota (NYP) Twins : RHP Takeshi Kusanagi
|
|
Pitching: LHP Travis Joyal
|
|
|
Batting: LHB Prince Nunley
|
0-0: Ball 1-0: Ball 2-0: Ball 3-0: Called Strike 3-1: Swinging Strike 3-2: Foul Ball, location: 2F 3-2: SINGLE (Groundball, 34D, EV 96.9 MPH)
|
|
Batting: SHB Frank Amato
|
0-0: Foul Ball, location: 2F 0-1: Foul Ball, location: 2F 0-2: Ball 1-2: Foul Ball, location: 2F 1-2: Ball 2-2: Ball 3-2: Strikes out swinging
|
|
Pinch Hitting: RHB Heitaro Tanaka
|
0-0: Ball 1-0: Swinging Strike 1-1: Called Strike 1-2: Foul Ball, location: 2F 1-2: Foul Ball, location: 2F 1-2: Foul Ball, location: 2F 1-2: Ball 2-2: Ball 3-2: DOUBLE (Groundball, 5L, EV 110.6 MPH) Prince Nunley to third
|
|
Pinch Hitting: RHB Paul Shell
|
0-0: Ball 1-0: SINGLE (Groundball, 56D, EV 101.9 MPH) Prince Nunley scores Heitaro Tanaka to third
|
|
Batting: RHB Lamberto Amicis
|
0-0: Ball 1-0: Called Strike 1-1: Called Strike Paul Shell is caught stealing 2nd base 2-4 1-2: Ground out 5-3 (Groundball, 56S, EV 86.9 MPH)
|
| Top of the 9th over - 1 run, 3 hits, 0 errors, 1 left on base; Everett 2 - Minnesota (NYP) 4 |
|